 Dungeon Crawl Stone Soup version 0.28.0-53-g5a82cb258f (webtiles) character file.

Game seed: 5549163236976225649

201 bnorton916 the Magician (level 5, -1/28 HPs)
             Began as a Deep Elf Fire Elementalist on May 21, 2022.
             Slain by a gnoll
             ... wielding a +0 club
              (3 damage)
             ... on level 4 of the Dungeon.
             The game lasted 00:03:24 (4139 turns).

bnorton916 the Magician (DEFE)                      Turns: 4139, Time: 00:03:25

Health: -1/28      AC:  6    Str:  5    XL:     5   Next: 50%
Magic:  12/14      EV:  6    Int: 22    God:
Gold:   210        SH:  0    Dex: 15    Spells: 13/14 levels left

rFire   . . .      SeeInvis .   (no weapon)
rCold   . . .      Faith    .   (no shield)
rNeg    . . .      Spirit   .   a - +0 robe
rPois   .          Reflect  .   (no helmet)
rElec   .          Harm     .   (no cloak)
rCorr   .          Rampage  .   (no gloves)
Will    .....                   (no boots)
Stlth   ++........              (no amulet)
HPRegen 0.09/turn               m - +4 ring of protection
MPRegen 0.14/turn               (no ring)

@: held
A: no striking features
a: no special abilities


You were on level 4 of the Dungeon.
You visited 1 branch of the dungeon, and saw 4 of its levels.

You collected 210 gold pieces.

Inventory:

Missiles
 h - 34 stones
 i - 4 boomerangs
 j - 5 poisoned darts
Armour
 a - a +0 robe (worn)
Magical Staves
 p - a staff of air
Jewellery
 m - a +4 ring of protection (left hand)
Wands
 o - a wand of iceblast (9)
Scrolls
 d - a scroll of holy word {unknown}
 e - a scroll of teleportation {unknown}
 f - 2 scrolls of identify {unknown}
 k - a scroll of magic mapping {unknown}
Potions
 b - a potion of heal wounds {unknown}
 c - a potion of haste {unknown}
 g - a potion of degeneration {unknown}
 l - a potion of mutation {unknown}
 n - a potion of might {unknown}


   Skills:
 - Level 2.4 Dodging
 - Level 2.4 Stealth
 + Level 5.1 Spellcasting
 + Level 3.5 Conjurations
 + Level 4.8 Fire Magic


You had 13 spell levels left.
You knew the following spells:

 Your Spells              Type           Power      Damage    Failure   Level
a - Foxfire               Conj/Fire      92%        2x1d8     1%          1

Your spell library contained the following spells:

 Spells                   Type           Power      Damage    Failure   Level
 Scorch                   Fire           52%        2d8       2%          2
 Conjure Flame            Conj/Fire      23%        6-21      5%          3
 Inner Flame              Hex/Fire       16%        N/A       11%         3
 Corpse Rot               Necr/Air       10%        N/A       16%         2
 Poisonous Vapours        Pois/Air       10%        N/A       16%         2
 Flame Wave               Conj/Fire      23%        2d7       19%         4
 Ozocubu's Armour         Ice            5%         N/A       30%         3
 Dispel Undead            Necr           5%         3d7       69%         4
 Metabolic Englaciation   Hex/Ice        2%         N/A       95%         5
 Death Channel            Necr           2%         N/A       100%        6
 Simulacrum               Ice/Necr       2%         N/A       100%        6
 Summon Cactus Giant      Summ           2%         N/A       100%        6


Dungeon Overview and Level Annotations

Branches:
Dungeon (4/15)
 Temple: D:4-7

Altars:
Dithmenos


Message History

Your foxfire dissipates!
The foxfire hits the goblin.
You kill the goblin!
Casting: Foxfire (safe; 1% risk of failure)
Confirm with . or Enter, or press ? or * to list all spells.
You conjure some foxfire!
The foxfire hits the gnoll.
The gnoll is moderately wounded.
The gnoll throws a throwing net.
The throwing net hits you.
You become entangled in the net!
Casting: Foxfire (safe; 1% risk of failure)
Confirm with . or Enter, or press ? or * to list all spells.
You conjure some foxfire!
The foxfire hits the gnoll.
The gnoll is moderately wounded.
The foxfire hits the gnoll but does no damage.
The gnoll is moderately wounded.
The foxfire hits the gnoll.
The gnoll is heavily wounded.
You struggle against the net.
You struggle against the net.
The gnoll hits you with a +0 flail! The gnoll hits you with a +0 club.
You struggle against the net.
The gnoll hits you with a +0 flail. The gnoll hits you with a +0 club.
You rip the net and break free!
The gnoll closely misses you. The gnoll hits you but does no damage.
The gnoll throws a throwing net.
The throwing net hits you.
You become entangled in the net!
You see here a throwing net.
You struggle against the net.
The gnoll hits you with a +0 club.
You struggle against the net.
The gnoll hits you with a +0 flail. The gnoll hits you with a +0 club.
* * * LOW HITPOINT WARNING * * *
You struggle against the net.
The gnoll hits you with a +0 flail.
* * * LOW HITPOINT WARNING * * *
The gnoll hits you with a +0 club.
* * * LOW HITPOINT WARNING * * *
You struggle against the net.
The gnoll hits you with a +0 flail.
* * * LOW HITPOINT WARNING * * *
The gnoll hits you with a +0 club.
You die...

..#####.# #.# #.
#+#.......## #.### .
...........#####.#..
#.#..............#.#..
###.#.#......#.###.#>#..
.....#.####.#)#.#.#.#..
#.).#.......<..#.#.#.>
#...######.#...#.#.#..
#.g@.........#.#.#..
#.g#####.##..#.#.###
#..# #..............
#..# #.#.###.#.#.#..
#..# #.#.# #.#.#.#..
#..# #.#.###.#.#.#..
#### #.#.....#.#.#..
..#######.#.#.. ###
#.#.#..


You could see 2 gnolls.

Vanquished Creatures
  A scorpion (D:3)
  A hound (D:4)
  3 adders
  2 worms
  A dart slug (D:2)
  2 orcs
  13 bats
  2 endoplasms
  6 giant cockroaches
  8 hobgoblins
  2 quokkas
  5 ball pythons
  6 frilled lizards
  6 goblins
  9 kobolds
  6 rats
73 creatures vanquished.

Vanquished Creatures (others)
  361 foxfires
  7 plants (D:2)
368 creatures vanquished.

Grand Total: 441 creatures vanquished

Notes
Turn   | Place    | Note
-------+----------+-------------------------------------------
     0 | D:1      | bnorton916 the Deep Elf Fire Elementalist began the quest
                  | for the Orb.
     0 | D:1      | Reached XP level 1. HP: 10/10 MP: 6/6
     2 | D:1      | Noticed an ogre
     2 | D:1      | Noticed a draconian
     4 | D:1      | Noticed a vampire
     4 | D:1      | Noticed a tengu
     8 | D:1      | Noticed an octopode
     8 | D:1      | Noticed a spriggan
    10 | D:1      | Noticed a gargoyle
    12 | D:1      | Noticed a naga
    14 | D:1      | Noticed a ghoul
    14 | D:1      | Noticed a troll
    16 | D:1      | Noticed a minotaur
    18 | D:1      | Noticed a demigod
    18 | D:1      | Noticed a vine stalker
    20 | D:1      | Noticed a felid
    20 | D:1      | Noticed a dwarf
    22 | D:1      | Noticed a demonspawn
    22 | D:1      | Noticed an elf
    24 | D:1      | Noticed a merfolk
    24 | D:1      | Noticed a formicid
    26 | D:1      | Noticed a human
   200 | D:1      | Reached XP level 2. HP: 15/15 MP: 2/8
  1065 | D:1      | Reached XP level 3. HP: 19/19 MP: 7/10
  1304 | D:1      | Found a faded altar of an unknown god.
  2057 | D:2      | Reached skill level 4 in Spellcasting
  2589 | D:2      | Reached XP level 4. HP: 24/24 MP: 9/12
  2838 | D:3      | Found a shadowy altar of Dithmenos.
  3265 | D:3      | Noticed a scorpion
  3279 | D:3      | Killed a scorpion
  3280 | D:3      | Reached XP level 5. HP: 12/28 MP: 7/14
  3982 | D:4      | Reached skill level 5 in Spellcasting
  4139 | D:4      | Slain by a gnoll

Illustrated notes

Levels and vault maps discovered:
D:1:      kb_arrival_jail, layout_loops_ring, chequers_ecumenical_altar_twisty,
          minmay_misc_feat_enclosed, minmay_indecisive_spiral
D:2:      layout_rooms, nicolae_concentric_dashed_squares_wild,
          hangedman_decor_growths, lexackson_kobold_supper
D:3:      layout_rooms, lemuel_round_altar
D:4:      layout_basic, grunt_temple_overflow_cloverleaf, lemuel_crystal_altar,
          ebering_ghost_gozag

Skill      XL: |  1  2  3  4  5 |
---------------+----------------+-----
Conjurations   | 2 3 |  3.5
Spellcasting   | 4 5 |  5.1
Fire Magic     | 4 |  4.8
Dodging        | |  2.4
Stealth        | |  2.4

Action                   |  1- 3 |  4- 6 || total
-------------------------+-------+-------++-------
Melee: Unarmed           |    33 |       ||    33
 Cast: Foxfire           |   146 |    80 ||   226
Armor: Robe              |     6 |     9 ||    15
Dodge: Dodged            |    17 |     5 ||    22
